 Dungeon Crawl Stone Soup version 0.29-a0-542-g075992c915 (webtiles) character file.

Game seed: 18024872309707046100

97 oldriver the Skirmisher (level 4, -5/38 (39) HPs)
             Began as a Palentonga Delver on June 4, 2022.
             Slain by Crazy Yiuf
             ... wielding a +4 quarterstaff of chaos
              (12 damage)
             ... on level 3 of the Dungeon.
             The game lasted 00:04:07 (2643 turns).

oldriver the Skirmisher (Palentonga Delver)         Turns: 2643, Time: 00:04:07

HP:   -5/38 (39)    AC:  6    Str: 17    XL:     4   Next: 42%
MP:   4/4           EV: 13    Int: 19    God:
Gold: 185           SH:  0    Dex: 17    Spells: 3/3 levels left

rFire   . . .      SeeInvis +   l - +7 dagger of Frustration {holy, rElec rC+}
rCold   + . .      Faith    .   (no shield)
rNeg    . . .      Spirit   .   b - +1 leather armour
rPois   +          Reflect  .   p - +0 helmet "Fuequof" {rPois Int+8}
rElec   +          Harm     .   (no cloak)
rCorr   .          Rampage  .   (no gloves)
Will    .....                   (no barding)
Stlth   ++........              u - amulet of regeneration
HPRegen 0.92/turn               i - +4 ring of evasion
MPRegen 0.09/turn               t - +6 ring of dexterity

@: lightly drained
A: large, rugged brown scales 3, see invisible, deformed body, roll 1, armoured
tail
a: Rolling Charge


You were on level 3 of the Dungeon.
You visited 1 branch of the dungeon, and saw 5 of its levels.

You collected 185 gold pieces.

Inventory:

Hand Weapons
 a - a +0 hand axe
 l - the +7 dagger of Frustration (weapon) {holy, rElec rC+}
   (You found it on level 2 of the Dungeon)

   It has been blessed by the Shining One to cause great damage to the undead
   and demons.
   rC:        It protects you from cold.
   rElec:     It insulates you from electricity.
Missiles
 h - a throwing net
Armour
 b - a +1 leather armour (worn)
 p - the +0 helmet "Fuequof" (worn) {rPois Int+8}
   (You took it off Robin on level 2 of the Dungeon)

   Int:       It affects your intelligence (+8).
   rPois:     It protects you from poison.
Jewellery
 i - a +4 ring of evasion (left hand)
 n - a ring of resist corrosion
 t - a +6 ring of dexterity (right hand)
 u - an amulet of regeneration (around neck)
Wands
 g - a wand of digging (3)
Scrolls
 c - 3 scrolls of fog
 d - a scroll of magic mapping
 e - 2 scrolls of identify
 j - a scroll of immolation {unknown}
 k - 2 scrolls of teleportation
Potions
 f - 2 potions of haste
 m - a potion of lignification
 q - 2 potions of curing {unknown}
 s - a potion of flight {unknown}


   Skills:
 + Level 4.2 Fighting
 + Level 2.4 Short Blades
 - Level 2.4 Axes
 - Level 1.5 Dodging
 - Level 3.3 Stealth


You had 3 spell levels left.
You didn't know any spells.
Your spell library was empty.

Dungeon Overview and Level Annotations

Branches:
Dungeon (5/15)
 Temple: D:4-7

Altars:

Annotations:
D:3 Crazy Yiuf


Innate Abilities, Weirdness & Mutations

You are completely covered in rugged brown scales. (AC +3, +7% HP)
You have supernaturally acute eyesight. (SInv)
Armour fits poorly on your strangely shaped body.
You can roll at nearby foes to attack.
You have a long armoured tail.


Message History

You puncture the endoplasm!
You kill the endoplasm!
Found a robe.
You see here a +0 robe.
A bat comes into view.
A bat is nearby!
A bat is nearby!
You roll forward with a clatter of scales!
You puncture the bat!
You kill the bat!
Found a short sword.
Key pressed, stopping explore.
You see here 5 javelins.
Key pressed, stopping explore.
Crazy Yiuf shouts!
Could not explore, unopened runed door.
Could not explore, unopened runed door.
You open the door.
Crazy Yiuf says, "Walk illywillydillykilly return to song!"
You roll forward with a clatter of scales!
You puncture Crazy Yiuf!
Crazy Yiuf is severely wounded.
Crazy Yiuf hits you with a +4 quarterstaff of chaos!
You feel drained.
You hit Crazy Yiuf.
Crazy Yiuf is severely wounded.
Crazy Yiuf hits you with a +4 quarterstaff of chaos!
You barely miss Crazy Yiuf.
Crazy Yiuf is severely wounded.
Crazy Yiuf hits you with a +4 quarterstaff of chaos!
You hit Crazy Yiuf.
Crazy Yiuf is severely wounded.
Crazy Yiuf hits you with a +4 quarterstaff of chaos.
* * * LOW HITPOINT WARNING * * *
Crazy Yiuf freezes you.
* * * LOW HITPOINT WARNING * * *
You hit Crazy Yiuf.
Crazy Yiuf is almost dead.
Crazy Yiuf hits you with a +4 quarterstaff of chaos!
You die...

..#####..#
#....# ####.#
.........###
#.PP.# #.#
.....).....#
#...## #.#
...........#
##.##
#.#######
#####......#
#.## #.......#
##.###.###
##.# #######.#
###.## ##.#
#.## #.# ....#
#.# ##°# ###
#.# ###.##
##.# #@# ##.##
#.# ##)###.##
#.g.#
##...###.#
##...## #...#
#...<....#
##.## #..)#
##...#####
######.# #####
##.## .......#
#####.##
######## ###
######.##...##
#.#
#.##.#.#.###.#
#.#
#.#..#...###.#


You could see Crazy Yiuf.

Vanquished Creatures
  Robin (D:2)
  An adder (D:3)
  A worm (D:2)
  2 dart slugs
  5 bats
  5 endoplasms
  4 giant cockroaches
  14 goblins
  3 hobgoblins
  9 jackals
  5 kobolds
  A quokka (D:3)
  4 ball pythons
  2 frilled lizards
  3 rats (D:1)
60 creatures vanquished.

Notes
Turn   | Place    | Note
-------+----------+-------------------------------------------
     0 | D:5      | oldriver the Palentonga Delver began the quest for the Orb.
     0 | D:5      | Reached XP level 1. HP: 19/19 MP: 1/1
   245 | D:2      | Identified the +7 dagger of Frustration {holy, rElec rC+}
   381 | D:2      | Reached XP level 2. HP: 24/25 MP: 2/2
   413 | D:2      | Identified the +0 helmet "Fuequof" {rPois Int+8}
   413 | D:2      | Noticed Robin
   466 | D:2      | Killed Robin
   467 | D:2      | Reached skill level 1 in Short Blades
   493 | D:2      | Reached XP level 3. HP: 9/31 MP: 3/3
  1368 | D:1      | Found a faded altar of an unknown god.
  1506 | D:1      | Reached skill level 4 in Fighting
  1592 | D:1      | Reached XP level 4. HP: 39/39 MP: 4/4
  2042 | D:3      | Found a runed translucent door.
  2043 | D:3      | Noticed Crazy Yiuf
  2643 | D:3      | Slain by Crazy Yiuf

Illustrated notes

Levels and vault maps discovered:
D:1:      elethiomel_arrival_infinity_welcomes_careful_drivers, layout_rooms,
          dreamdust_ecumenical_altar_statues, minmay_pentomino_w2
D:2:      layout_basic, uniq_robin
D:3:      layout_loops_ring, uniq_crazy_yiuf_cottage
D:4:      layout_basic, kennysheep_crisscross, chequers_garden, uniq_eustachio
D:5:      layout_gridville

Skill      XL: |  1  2  3 |
---------------+----------+-----
Short Blades   | 1 2 |  2.4
Fighting       | 4 |  4.2
Axes           | |  2.4
Dodging        | |  1.5
Stealth        | |  3.3

Action                   |  1- 3 |  4- 6 || total
-------------------------+-------+-------++-------
Melee: Hand axe          |    11 |       ||    11
       Dagger            |    90 |    28 ||   118
       Tailslap          |     6 |     1 ||     7
 Abil: Rolling Charge    |    14 |     8 ||    22
  Use: Scroll            |     3 |     5 ||     8
       Potion            |     1 |       ||     1
 Stab: Sleeping          |       |     2 ||     2
Armor: Leather armour    |    30 |     4 ||    34
Dodge: Dodged            |    70 |     6 ||    76

Table legend: (Time is in decaauts)
 A = Elapsed time spent in this place.
 B = Non-inter-level travel time spent in this place.
 C = Inter-level travel time spent in this place.
 D = Time resting spent in this place.
 E = Time spent auto-exploring this place.
 F = Levels seen in this place.
 G = Mean time per level.
                   A        B        C        D        E       F      G
               +--------+--------+--------+--------+--------+-----+--------+
         Total |   2636 |   2600 |     36 |    250 |   1751 |   5 |  527.2 |
       Dungeon |   2636 |   2600 |     36 |    250 |   1751 |   5 |  527.2 |
               +--------+--------+--------+--------+--------+-----+--------+

Top non-repeatable levels by time:
     D:2: 980 daAuts
     D:1: 772 daAuts
     D:3: 701 daAuts
     D:5: 111 daAuts
     D:4: 69 daAuts
